 Dungeon Crawl Stone Soup version 0.23.2-33-g5129a83184 (webtiles) character file.

Game seed: 3993608788387859129

51 kae the Chiller (level 3, -1/26 HPs)
             Began as a Merfolk Ice Elementalist on July 18, 2019.
             Slain by a kobold
             ... wielding a +0 short sword
              (3 damage)
             ... on level 2 of the Dungeon.
             The game lasted 00:02:15 (1388 turns).

kae the Chiller (Merfolk Ice Elementalist)          Turns: 1388, Time: 00:02:15

Health: -1/26      AC:  4    Str:  8    XL:     3   Next: 81%
Magic:  1/6        EV: 13    Int: 15    God:
Gold:   74         SH:  0    Dex: 14    Spells: 1/7 levels left

rFire    . . .     SeeInvis .   g - +0 dagger
rCold    . . .     Gourm    .   (no shield)
rNeg     . . .     Faith    .   a - +0 robe
rPois    .         Spirit   .   (no helmet)
rElec    .         Reflect  .   (no cloak)
rCorr    .         Harm     .   (no gloves)
MR       .....                  (no boots)
Stlth    ++........             (no amulet)
HPRegen  0.08/turn              (no ring)
MPRegen  0.10/turn              (no ring)

@: no status effects
A: change form in water, swift swim, stealthy swim, thin metallic scales 1,
robust 1
a: no special abilities


You were on level 2 of the Dungeon.
You were not hungry.

You visited 1 branch of the dungeon, and saw 2 of its levels.

You collected 74 gold pieces.

Inventory:

Hand Weapons
 e - a +0 spear
 g - a +0 dagger (weapon)
Armour
 a - a +0 robe (worn)
Scrolls
 d - a scroll of random uselessness {unknown}
 f - 2 scrolls of teleportation
Potions
 b - a potion of mutation
 h - a potion of resistance {unknown}
 i - 2 potions of heal wounds {unknown}
Comestibles
 c - 2 rations


   Skills:
 - Level 2.6 Dodging
 - Level 2.1 Stealth
 + Level 2.6 Spellcasting
 - Level 0.7 Conjurations
 * Level 4.6 Ice Magic


You had one spell level left.
You knew the following spells:

 Your Spells              Type           Power        Failure   Level  Hunger
a - Freeze                Ice            ###.         3%          1    #......
b - Throw Frost           Conj/Ice       #.....       11%         2    ###....
c - Ozocubu's Armour      Chrm/Ice       #.......     24%         3    ###....

Your spell library contained the following spells:

 Spells                   Type           Power        Failure   Level  Hunger
 Throw Icicle             Conj/Ice       #.......     56%         4    #####..
 Summon Ice Beast         Ice/Summ       #.......     63%         4    #####..


Dungeon Overview and Level Annotations

Branches:
Dungeon (2/15)

Altars:
Okawaru

Annotations:
D:2 Terence


Innate Abilities, Weirdness & Mutations

You revert to your normal form in water You are very nimble and swift while swimming.
You are very stealthy in the water. (Stealth+)
You are partially covered in thin metallic scales. (AC +2)
You are robust. (+10% HP)


Message History

The kobold hits you with a +0 short sword.
You closely miss the kobold.
You are starving!
The kobold hits you with a +0 short sword.
You closely miss the kobold. The kobold closely misses you.
You hit the kobold but do no damage. The kobold hits you but does no damage.
You closely miss the kobold.
The kobold hits you with a +0 short sword.
You hit the kobold but do no damage. The kobold misses you.
You barely miss the kobold.
The kobold hits you with a +0 short sword.
You hit the kobold but do no damage.
The kobold hits you with a +0 short sword.
* * * LOW HITPOINT WARNING * * *
You barely miss the kobold. The kobold closely misses you.
You don't have the energy to cast that spell.
Unknown command.
You eat one of the 3 rations.
That ration really hit the spot!
The kobold hits you with a +0 short sword.
You die...

....##.........#.#
................#
#...(..........#
#.......#......#
#.......#......#
#.......#......#
#.......#......#
#..#)...#.....>#
.... #@#..#......#
......[K##.#......#
....##$?..... ..
#.##.#... ..
.#....# ... #....#
.## ...# ..


You could see a kobold.

Vanquished Creatures
  2 adders (D:2)
  A leopard gecko (D:2)
  A giant cockroach (D:2)
  3 goblins
  4 hobgoblins
  4 jackals (D:2)
  6 bats
  A frilled lizard (D:1)
  3 kobolds
  6 rats
31 creatures vanquished.

Notes
Turn   | Place    | Note
-------+----------+-------------------------------------------
     0 | D:1      | kae the Merfolk Ice Elementalist began the quest for the
                  | Orb.
     0 | D:1      | Reached XP level 1. HP: 13/13 MP: 3/3
   272 | D:1      | Reached XP level 2. HP: 19/19 MP: 1/5
   629 | D:1      | Reached skill level 4 in Ice Magic
   964 | D:2      | Reached XP level 3. HP: 24/24 MP: 1/6
  1007 | D:2      | Gained mutation: You are partially covered in thin metallic
                  | scales. (AC +2) [potion of mutation]
  1007 | D:2      | Gained mutation: You are robust. (+10% HP) [potion of
                  | mutation]
  1019 | D:2      | Found an iron altar of Okawaru.
  1275 | D:2      | Learned a level 2 spell: Throw Frost
  1279 | D:2      | Learned a level 3 spell: Ozocubu's Armour
  1294 | D:2      | Noticed Terence
  1388 | D:2      | Slain by a kobold

Skill      XL: |  1  2 |
---------------+-------+-----
Ice Magic      | 4 |  4.6
Dodging        | |  2.6
Stealth        | |  2.1
Spellcasting   | |  2.6
Conjurations   | |  0.7

Action                   || total
-------------------------++-------
Melee: Unarmed           ||    18
       Dagger            ||    49
 Cast: Freeze            ||    42
  Use: Scroll            ||     3
       Potion            ||     2
 Stab: Sleeping          ||     2
  Eat: Ration            ||     1
Armor: Robe              ||    19
Dodge: Dodged            ||    94
